[Event "36th Belgrade Trophy 2023"]
[Site "Belgrade"]
[Date "2023.11.30"]
[Round "6.1"]
[White "Kilic, Eray"]
[Black "Pap, Misa"]
[Result "0-1"]
[ECO "A45"]
[WhiteElo "2446"]
[BlackElo "2426"]
[Annotator "TA"]
[PlyCount "64"]
[EventDate "2023.10.23"]
[EventType "swiss"]
[EventCountry "SRB"]
[SourceTitle "playchess.com"]
[Source "ChessBase"]
[SourceQuality "1"]
[TimeControl "40/5400+30:900+30"]

1. d4 Nf6 2. Bf4 d6 3. Nc3 Nbd7 4. Nf3 c5 5. e3 g6 6. h4 {[%emt 0:04:52] [#] A45: Trompowsky Attack.} h6 $146 ({Predecessor:} 6... Bg7 7. Bd3 a6 8. a4 Qa5 9. O-O Nh5 10. Bh2 Ndf6 11. Nd2 Ng4 12. Nb3 Qd8 {1-0 Enkhtuul,A (2254)-Fisabilillah,U (2213) Asia zt 3.3 (Women) 2023 (8)}) 7. Qd2 Bg7 8. Be2 {[%emt 0:07:34] The position is equal.} a6 9. a4 $1 b6 10. d5 Nh5 11. O-O Nxf4 12. exf4 O-O 13. h5 {[%emt 0:01:00][%mdl 64] [#] Deflection} gxh5 14. f5 Nf6 15. Nh4 Bd7 16. Qf4 {[%emt 0:00:00] [#]} (16. Ra3 $11 {keeps the balance.}) 16... b5 $1 $17 17. Rad1 (17. Qf3 bxa4) 17... Qa5 (17... b4 18. Ne4 $17) 18. Ne4 {[%emt 0:02:30] Loses the game.} (18. axb5 $17 axb5 19. Rfe1) 18... Qb4 $19 (18... bxa4 19. Nxf6+ Bxf6 20. Qxh6 $11) 19. Nxf6+ Bxf6 20. c4 Kh7 (20... Qxa4 21. Qxh6 bxc4 22. g3 $17) (20... bxa4 21. Rb1 $17) (20... Bxb2 21. axb5 axb5 22. Qxh6 $15) 21. Rfe1 (21. b3 $142 Qxb3 22. Nf3) 21... bxc4 (21... Bxb2 22. Rb1 Qa3 23. f6 Bxf6 24. Qe4+ Kg7 25. cxb5 $11) (21... bxa4 22. Bd3 $19) (21... Qxb2 $2 22. Bxh5 bxc4 23. Re2 $19) 22. Bxc4 (22. g3 $142) 22... Rg8 {[%emt 0:00:00] Threatens to win with ...Rg4.} (22... Bxb2 23. Rb1 Be5 24. Qe4 Qxa4 25. f6+ Kg8 26. fxe7 $11) (22... Qxa4 23. b3 Qb4 24. Rxe7 Bxe7 25. f6 Bxf6 26. Qxf6 $11) 23. f3 {[%emt 0:00:00] Against Rg4} Bxa4 {[%emt 0:02:30] A strong pair of Bishops.} (23... Bxb2 24. Rxe7 Qxa4 25. Rb1 $11 (25. Rxf7+ Rg7 $17)) 24. Rxe7 Rg7 {[%emt 0:00:30] Active counter play!} (24... Bxd1 25. Rxf7+ Bg7 26. Bd3 $18) 25. Rde1 (25. Rf1 $142) 25... Bb3 (25... Bxe7 $2 26. Rxe7 Bb3 27. f6 Qxc4 28. Qxc4 (28. Qf5+ $2 Kg8 $19) 28... Bxc4 29. fxg7 Bxd5 30. Rd7 $19) 26. R1e4 Bxc4 (26... Bxe7 $2 {is the wrong capture.} 27. Bd3 Bg5 28. Rxb4 Bxf4 29. f6+ Kg8 30. Rxb3 $19) 27. Rxc4 Qxb2 {[%emt 0:00:00] And now ...Bxh4 would win.} 28. Qe4 Rag8 {[%emt 0:00:00][%cal Rg7g2] ( -> ...Rxg2+)} 29. f4 Bxh4 {[%emt 0:00:00] Black mates.} 30. f6+ Rg6 31. Rxf7+ Kh8 32. Rc2 Qb1+ {[%emt 0:00:00] Excellently played by Pap!   Weighted Error Value: White=1.10/Black=0.18 (very precise)} 0-1

[Event "36th Belgrade Trophy 2023"]
[Site "Belgrade"]
[Date "2023.11.30"]
[Round "6.2"]
[White "Blagojevic, Dragisa"]
[Black "Milosevic, Milos"]
[Result "1-0"]
[ECO "A70"]
[WhiteElo "2438"]
[BlackElo "2362"]
[Annotator "TA"]
[PlyCount "121"]
[EventDate "2023.10.23"]
[EventType "swiss"]
[EventCountry "SRB"]
[SourceTitle "playchess.com"]
[Source "ChessBase"]
[SourceQuality "1"]
[TimeControl "40/5400+30:900+30"]

1. d4 Nf6 2. c4 e6 3. Nf3 c5 4. d5 exd5 5. cxd5 d6 6. Nc3 g6 7. h3 Bg7 8. e4 O-O 9. Bd3 b5 10. Bxb5 Nxe4 11. Nxe4 Qa5+ 12. Nfd2 Qxb5 13. Nxd6 Qa6 14. N2c4 Nd7 15. O-O Ne5 16. Nxc8 {[%emt 0:00:26] A70: Modern Benoni: 6 e4 g6 7 Nf3.} Raxc8 17. Nxe5 Bxe5 18. Re1 {[%emt 0:01:09] The position is equal.} Rfe8 19. Bg5 h6 {[%emt 0:01:33] [#]} 20. d6 $146 ({Predecessor:} 20. Bxh6 Bxb2 21. Rb1 Rxe1+ 22. Qxe1 Bd4 23. Bg5 Qd6 24. Qe4 f5 25. Qf3 c4 26. Re1 Be5 27. Qe3 Bf6 28. Bxf6 Qxf6 29. Qxa7 c3 30. Qb7 Rd8 31. Qc7 Qd6 {1-0 Bareev,E (2605)-Vera Gonzalez Quevedo,R (2485) Olympiad-29 Novi Sad 1990 (10)}) 20... Qxd6 (20... hxg5 $2 21. d7 Re6 22. dxc8=N (22. d8=R+ Kg7 $18) 22... Qxc8 23. Qg4 $18) (20... Bxd6 $11 21. Bxh6 Be5) 21. Qxd6 $16 (21. Bxh6 $6 Qxd1 22. Raxd1 Bxb2 $11) 21... Bxd6 22. Bxh6 Be5 23. Rab1 c4 24. Kf1 f6 25. Be3 g5 26. Re2 Kf7 27. Rc1 Re7 28. Rcc2 Rc6 29. Bd2 Rd7 30. Bb4 Kg6 31. g3 Rd5 (31... Rd3 $142) 32. Re4 Rd1+ 33. Kg2 Ra1 {[%emt 0:01:00] [#]} 34. a3 $1 ({Don't play} 34. Rexc4 Rxc4 35. Rxc4 Rxa2 $16) 34... Rb1 35. Rexc4 Rxc4 36. Rxc4 Rxb2 {[%emt 0:00:04][%mdl 4096] Endgame KRB-KRB} 37. Bc5 a5 38. Bd4 Bxd4 39. Rxd4 {[%emt 0:00:02] Hoping for Rd5. KR-KR} Rb3 40. Ra4 Rb5 41. h4 Rc5 42. Kh3 Rb5 $2 {[%emt 0:01:36][%mdl 8192] [#]} (42... gxh4 $16 43. Rg4+ (43. Rxh4 Rc2 $16) (43. gxh4 Rd5 $16) (43. Kxh4 Rd5 $16) 43... Kf7) 43. Rg4 $1 $18 Kh5 44. hxg5 fxg5 45. Rc4 Rd5 46. a4 {[%emt 0:02:41] Strongly threatening Kg2.} Rd2 $2 (46... Re5 $16 47. g4+ Kh6) 47. g4+ $2 ({White has to play} 47. Rc6 $18 g4+ 48. Kg2) 47... Kg6 $11 48. Rc6+ Kf7 49. Rc5 Rd3+ $2 (49... Kg6 50. Kg3 Rd3+ 51. f3 Ra3 52. Rxa5 Ra2) 50. Kg2 $18 {[%emt 0:00:24] White is clearly winning.} Rd4 51. Kg3 (51. Rxg5 $142 Rxa4 52. Kg3) 51... Rxa4 (51... Rd3+ $142 52. f3 Kg6) 52. Rxg5 Ra1 53. Rb5 a4 54. Ra5 a3 55. Kf4 Ke6 56. g5 a2 57. Ra6+ Ke7 58. Kf5 Kd7 59. g6 Ke7 60. Ra7+ Kd6 61. Kf6 {[%emt 0:00:22] Weighted Error Value: White=0.39/Black=0.33} 1-0

[Event "36th Belgrade Trophy 2023"]
[Site "Belgrade"]
[Date "2023.11.30"]
[Round "6.3"]
[White "Atalik, Suat"]
[Black "Gusev, Mikhail"]
[Result "1-0"]
[ECO "E51"]
[WhiteElo "2427"]
[BlackElo "2055"]
[Annotator "TA"]
[PlyCount "63"]
[EventDate "2023.10.23"]
[EventType "swiss"]
[EventCountry "SRB"]
[SourceTitle "playchess.com"]
[Source "ChessBase"]
[SourceQuality "1"]
[TimeControl "40/5400+30:900+30"]

1. d4 Nf6 2. c4 e6 3. Nc3 Bb4 4. Nf3 d5 5. e3 O-O 6. a3 Bxc3+ 7. bxc3 c5 8. Bb2 {[%emt 0:01:19] now supersedes 8.Bd3.} Nc6 {[%emt 0:03:40] E51: Nimzo-Indian: Rubinstein: 4...0-0 5 Nf3 d5.} 9. Rc1 b6 10. cxd5 exd5 {[%emt 0:01:10] The position is equal.} 11. c4 cxd4 12. Nxd4 {[%emt 0:01:30] [#]} Nxd4 $146 ({Predecessor:} 12... Ne5 13. cxd5 Qxd5 14. Nb5 Qxd1+ 15. Rxd1 Ned7 16. Bc4 Ba6 17. Nd6 Bxc4 18. Nxc4 Rfc8 {½-½ Gulko,B (2585)-Onischuk,A (2650) New York Mayor's Cup rapid 2006 (3)}) 13. Qxd4 Bb7 14. c5 bxc5 15. Rxc5 Rc8 16. Bd3 {[%emt 0:12:51] White is more active.} Rxc5 17. Qxc5 Ne4 (17... Qc8 $142 18. Qxa7 d4) 18. Qxa7 $16 Bc6 {[%emt 0:19:37] [#]} (18... Qa8 $16 {was necessary.} 19. Qxa8 Rxa8) 19. O-O $1 $18 {[%emt 0:03:54] Black must now prevent Rc1.} Qg5 (19... Qd7 {was called for.} 20. Qb6 Nd6) 20. Qd4 {[%emt 0:13:46] Hoping for Rc1.} h5 (20... Rb8 $142 21. Rc1 Be8) 21. Rc1 $40 {[%emt 0:04:20][%mdl 128] White is out for blood.} Ba8 {[%emt 0:02:14] [#]} (21... Nd2 22. Qc5 (22. Rxc6 $2 Nf3+ 23. Kf1 Nxd4 $17) 22... Rc8) 22. h4 $1 Qh6 (22... Qf6 23. Qxf6) 23. a4 Re8 24. Bb5 {[%emt 0:02:39] A strong pair of Bishops.} Rd8 25. Qe5 d4 26. Bxd4 Qg6 27. Bd3 {[%emt 0:04:09] aiming for f3.} f5 28. f3 Nd2 29. Kf2 {[%emt 0:00:18] White wants to mate with Rc7.} ({Worse is} 29. Bxf5 Nxf3+ 30. Kf2 Nxe5 $17) 29... Be4 {[%emt 0:00:32] [#]} 30. Rc7 $1 Rxd4 31. Qxd4 f4 32. Rc8+ {[%emt 0:00:45] Black did not feel at home in the position after the opening. A cool game by Atalik.   Weighted Error Value: White=0.30/Black=0.83} 1-0

[Event "36th Belgrade Trophy 2023"]
[Site "Belgrade"]
[Date "2023.11.30"]
[Round "6.4"]
[White "Garifulin, Yury"]
[Black "Nenezic, Marko"]
[Result "0-1"]
[ECO "B90"]
[WhiteElo "1956"]
[BlackElo "2499"]
[Annotator "TA"]
[PlyCount "64"]
[EventDate "2023.10.23"]
[EventType "swiss"]
[EventCountry "SRB"]
[SourceTitle "playchess.com"]
[Source "ChessBase"]
[SourceQuality "1"]
[TimeControl "40/5400+30:900+30"]

1. e4 c5 2. Nf3 d6 3. d4 cxd4 4. Nxd4 Nf6 5. Nc3 a6 6. Be3 e5 7. Nb3 Be6 8. f3 Be7 9. Qd2 h5 10. O-O-O Nbd7 11. Nd5 {[%emt 0:00:37] B90: Sicilian Najdorf: Unusual White 6th moves, 6 Be3 Ng4 and 6 Be3 e5.} Nxd5 12. exd5 Bf5 13. Kb1 {[%emt 0:01:03] The position is equal. is now more promising than 13.Bd3.} Rc8 14. Bd3 Bxd3 15. Qxd3 Bg5 16. Bf2 Qc7 17. h4 Bh6 18. g4 {[%emt 0:14:49] aiming for g5.} Bf4 19. Nd2 hxg4 (19... Bxd2 {with more complications.} 20. Rxd2 hxg4 21. fxg4 Qc4) 20. fxg4 Bxd2 21. Qxd2 Nf6 22. g5 $2 {[%emt 0:07:05] This costs White the game.} (22. Rhg1 $1 $11 {and White is okay.}) 22... Ne4 $19 23. Qe2 {[%emt 0:00:21] [#]} Qxc2+ 24. Qxc2 Rxc2 {[%emt 0:00:04] [#]} 25. Kxc2 $146 ({Predecessor:} 25. Bb6 Rc4 26. Rc1 Nd2+ 27. Ka1 Rhxh4 28. b3 Rxh1 29. Rxh1 Rc8 30. Rh7 g6 {0-1 Tahbaz,A (2426)-Darini,P (2527) IRI-chT 15th 2016 (4.1)}) 25... Nxf2 26. Rdf1 Nxh1 27. Rxh1 {[%emt 0:00:09][%mdl 4096] Endgame KR-KR} f6 28. gxf6 gxf6 29. Kd3 Kf7 30. Rc1 $2 (30. Ke4) 30... Rxh4 31. Rc7+ Kg6 {[%emt 0:00:06] ...Rd4+ is the strong threat.} 32. Rd7 (32. Rxb7 $142 Rd4+ 33. Ke2) 32... Rd4+ {[%emt 0:00:13] Weighted Error Value: White=0.46/Black=0.00 (flawless)} 0-1

[Event "36th Belgrade Trophy 2023"]
[Site "Belgrade"]
[Date "2023.11.30"]
[Round "6.5"]
[White "Stojanovic, Mihajlo"]
[Black "Trailovic, Aleksandar"]
[Result "0-1"]
[ECO "D40"]
[WhiteElo "2490"]
[BlackElo "2132"]
[Annotator "TA"]
[PlyCount "92"]
[EventDate "2023.10.23"]
[EventType "swiss"]
[EventCountry "SRB"]
[SourceTitle "playchess.com"]
[Source "ChessBase"]
[SourceQuality "1"]
[TimeControl "40/5400+30:900+30"]

1. Nf3 Nf6 2. c4 e6 3. Nc3 d5 4. d4 c5 5. e3 Nc6 6. a3 dxc4 7. Bxc4 a6 8. O-O b5 9. Bd3 {[%emt 0:02:00] D40: Queen's Gambit Declined: Semi-Tarrasch with 5 e3.} Bb7 10. Ne4 cxd4 11. exd4 {[%emt 0:00:00] The position is equal.} Nxe4 12. Bxe4 Na5 13. Bxb7 Nxb7 {[%emt 0:00:30] [#]} 14. a4 $146 ({Predecessor:} 14. Ne5 Qd5 15. Qg4 Nd6 16. Nd3 Qf5 17. Qg3 Qg6 18. d5 Qxg3 19. hxg3 exd5 20. Re1+ {1-0 Dai,C (2529)-Wu,Y (1972) China zt 3.5 2023 (9)}) 14... b4 15. Ne5 {[%emt 0:00:00] Hoping for Qf3.} Qd5 16. Qg4 (16. a5 $5 ) 16... Nd6 17. Re1 Nf5 18. Nxf7 $2 {[%emt 0:01:00] Black continues to play with concentration.} Kxf7 $19 19. Re5 {[%emt 0:00:30] [#]} Qc4 (19... Qxd4 $2 20. Rxf5+ exf5 21. Qxd4 $18) 20. Bf4 h5 (20... Nxd4 21. Rc1 Qa2 22. Bh6 (22. Be3 $2 Nf5 $19) 22... gxh6 23. Qxd4 $15) (20... Qxd4 21. Rxe6 g6 22. Rd1 $18) 21. Qf3 Rd8 ({Not} 21... Nxd4 22. Qxa8 Ne2+ 23. Kh1 (23. Rxe2 Qxe2 24. Rc1 h4 $16) 23... Nxf4 24. Qf3 $18) ({Stronger than} 21... Be7 22. Rc1 Qa2 23. d5 $15) 22. Be3 Bd6 23. Rc1 Qd3 24. Re4 {[%emt 0:01:00] [#]} (24. Qb7+ $142 Kg8 25. Rxe6) 24... g5 $1 {[%emt 0:00:00][%cal Bg7g5,Bg5g4,Bg4f3][%mdl 32] White must now prevent ...g4.} 25. Rd1 {[%emt 0:00:00] [#]} g4 $1 {[%emt 0:00:00][%mdl 64] Threatens to win with ...Qc2. Trapped Piece} 26. Rxd3 gxf3 27. Bg5 Rdg8 28. h4 fxg2 {[%emt 0:00:00][%cal Of5h4] ...Nxh4! would be deadly.} 29. d5 (29. Rf3 $142 Kg7 30. Re1) 29... e5 30. Rf3 Kg6 31. Kxg2 Rc8 32. Kh3 Rhf8 33. Bd2 Rc2 34. Bxb4 Rxb2 35. Rxf5 (35. Bxd6 $19 Nxd6 {[%mdl 64] Discovered Attack} 36. Rxf8 Nxe4 37. f4 Rb3+ 38. Kh2 exf4 39. Rxf4) 35... Kxf5 36. Bxd6 Kxe4 37. Bxf8 {[%emt 0:00:30] KR-KB} Rb3+ 38. Kg2 Kxd5 39. Be7 Ke4 40. Bd6 Kd5 41. Be7 e4 {[%emt 0:17:00] Black is clearly winning.} 42. a5 Ke6 43. Bg5 Kf5 44. Bd2 Rd3 45. Bb4 Kg4 46. Be1 Rd1 {[%emt 0:00:00] Weighted Error Value: White=0.51/Black=0.25 (precise)} 0-1

[Event "36th Belgrade Trophy 2023"]
[Site "Belgrade"]
[Date "2023.11.30"]
[Round "6.6"]
[White "Mezentsev, Ivan"]
[Black "Stanojevic, Ilija"]
[Result "0-1"]
[ECO "D46"]
[WhiteElo "2362"]
[BlackElo "2117"]
[Annotator "RC"]
[PlyCount "78"]
[EventDate "2023.10.23"]
[EventType "swiss"]
[EventCountry "SRB"]
[SourceTitle "playchess.com"]
[Source "ChessBase"]
[SourceQuality "1"]
[TimeControl "40/5400+30:900+30"]

1. Nf3 Nf6 2. c4 e6 3. Nc3 d5 4. e3 c6 5. b3 Bd6 6. Bb2 Nbd7 7. d4 O-O 8. Bd3 b6 9. O-O Ba6 10. Qc2 Re8 11. e4 dxc4 12. bxc4 e5 13. d5 Rc8 14. Rfd1 Nc5 15. Be2 Qc7 16. Rac1 Qb7 17. Nh4 Bf8 18. Re1 g6 19. Rcd1 cxd5 20. exd5 Ncd7 21. Ne4 Bxc4 22. Bxc4 b5 23. Nxf6+ Nxf6 24. Rxe5 Rxe5 25. Bxe5 Rxc4 26. Qe2 Re4 27. Qf3 Rxe5 28. Qxf6 Qxd5 29. Rc1 Qc4 30. Rf1 Re6 31. Qd8 Qxa2 32. Nf3 h6 33. h4 b4 34. Rc1 b3 35. Rc8 Qa3 36. Qd3 Qb4 37. Rc4 Qb6 38. Nd2 Rd6 39. Qe2 Rxd2 0-1

[Event "36th Belgrade Trophy 2023"]
[Site "Belgrade"]
[Date "2023.11.30"]
[Round "6.7"]
[White "Enkhnar, Enkhbaatar"]
[Black "Eric, Jovana"]
[Result "1-0"]
[ECO "D78"]
[WhiteElo "2327"]
[BlackElo "2112"]
[Annotator "RC"]
[PlyCount "111"]
[EventDate "2023.10.23"]
[EventType "swiss"]
[EventCountry "SRB"]
[SourceTitle "playchess.com"]
[Source "ChessBase"]
[SourceQuality "1"]
[TimeControl "40/5400+30:900+30"]

1. Nf3 d5 2. d4 Nf6 3. g3 c6 4. c4 g6 5. Bg2 Bg7 6. O-O O-O 7. Qa4 Bf5 8. Nh4 Be6 9. c5 Qc8 10. Rd1 Bh3 11. Bh1 Nbd7 12. Nc3 e5 13. dxe5 Nxe5 14. Bf4 Re8 15. Rac1 h6 16. Bxe5 Rxe5 17. b4 Ne4 18. Nxe4 dxe4 19. Rc4 Qe6 20. Rcd4 g5 21. Ng2 Rd5 22. Rxd5 cxd5 23. Qb3 d4 24. Qxe6 Bxe6 25. Ne1 f5 26. f3 Bd5 27. fxe4 Bxe4 28. Nd3 Re8 29. Kf2 Kf7 30. Rc1 Rc8 31. h3 Ke6 32. g4 Rf8 33. Kg3 f4+ 34. Kf2 f3 35. Ke1 Bd5 36. b5 fxe2 37. Kxe2 Bxh1 38. Rxh1 Kd5 39. Rc1 Rc8 40. Rf1 Re8+ 41. Kd2 Rf8 42. Rc1 Rc8 43. Nb4+ Ke6 44. Kd3 Kd7 45. Rf1 Ke6 46. Re1+ Kf7 47. c6 bxc6 48. Nxc6 Rc7 49. a4 Bf6 50. a5 a6 51. Rc1 axb5 52. a6 Ke8 53. a7 Rc8 54. Rb1 Ra8 55. Rxb5 Kd7 56. Rb8 1-0

[Event "36th Belgrade Trophy 2023"]
[Site "Belgrade"]
[Date "2023.11.30"]
[Round "6.8"]
[White "Martic, Ivan"]
[Black "Pavlovic, Luka"]
[Result "1-0"]
[ECO "B22"]
[WhiteElo "2292"]
[BlackElo "2098"]
[Annotator "RC"]
[PlyCount "101"]
[EventDate "2023.10.23"]
[EventType "swiss"]
[EventCountry "SRB"]
[SourceTitle "playchess.com"]
[Source "ChessBase"]
[SourceQuality "1"]
[TimeControl "40/5400+30:900+30"]

1. e4 c5 2. c3 d5 3. exd5 Qxd5 4. d4 e6 5. Nf3 Nf6 6. Na3 cxd4 7. Nb5 Na6 8. Nbxd4 Bc5 9. Be2 O-O 10. O-O Rd8 11. Qc2 e5 12. Nb3 Bg4 13. Rd1 Qe4 14. Qxe4 Rxd1+ 15. Bxd1 Nxe4 16. Nxc5 Nexc5 17. h3 Bxf3 18. Bxf3 e4 19. Be2 Nd3 20. Be3 Nac5 21. f3 f5 22. fxe4 fxe4 23. Rd1 Na4 24. Bxd3 exd3 25. Rxd3 Re8 26. Bxa7 Ra8 27. Bf2 Nxb2 28. Rd7 h6 29. Bd4 g5 30. Rg7+ Kf8 31. Rxb7 Rxa2 32. Bg7+ Ke8 33. Bxh6 g4 34. hxg4 Nd1 35. c4 Rc2 36. Rc7 Nc3 37. Kh2 Nd5 38. Rc5 Nb6 39. Re5+ Kf7 40. c5 Nd7 41. Rf5+ Ke6 42. Be3 Ne5 43. Rf4 Nd7 44. g5 Nxc5 45. Rf6+ Kd7 46. g6 Ne6 47. g7 Rc8 48. Bh6 Rg8 49. Rf8 Rxg7 50. Bxg7 Nxg7 51. Rf7+ 1-0

[Event "36th Belgrade Trophy 2023"]
[Site "Belgrade"]
[Date "2023.11.30"]
[Round "6.9"]
[White "Sovetbekova, Nurai"]
[Black "Liu, Zexu"]
[Result "0-1"]
[ECO "E13"]
[WhiteElo "1801"]
[BlackElo "2286"]
[Annotator "RC"]
[PlyCount "84"]
[EventDate "2023.10.23"]
[EventType "swiss"]
[EventCountry "SRB"]
[SourceTitle "playchess.com"]
[Source "ChessBase"]
[SourceQuality "1"]
[TimeControl "40/5400+30:900+30"]

1. d4 b6 2. c4 e6 3. Nf3 Nf6 4. Bg5 Bb7 5. e3 h6 6. Bh4 Bb4+ 7. Nc3 g5 8. Bg3 Ne4 9. Qc2 f5 10. a3 Bxc3+ 11. bxc3 d6 12. h4 Qf6 13. Nd2 Nxg3 14. fxg3 Nd7 15. e4 gxh4 16. gxh4 fxe4 17. Nxe4 Qf4 18. Bd3 Rg8 19. Qe2 O-O-O 20. g3 Qf8 21. Rf1 Qg7 22. O-O-O d5 23. Nf2 Qxg3 24. Qxe6 Rde8 25. Qh3 Qd6 26. Kb2 dxc4 27. Bxc4 Bg2 28. Qf5 Rgf8 29. Ba6+ Kd8 30. Qc2 Bxf1 31. Bxf1 Qg3 32. Nd3 Re3 33. Bg2 Qxh4 34. Rd2 a5 35. Ne5 Nxe5 36. dxe5+ Kc8 37. Qg6 Qc4 38. Qc2 Rxe5 39. Qh7 Rb5+ 40. Kc2 Qb3+ 41. Kd3 Rd8+ 42. Ke2 Rxd2+ 0-1

[Event "36th Belgrade Trophy 2023"]
[Site "Belgrade"]
[Date "2023.11.30"]
[Round "6.10"]
[White "Alimov, Fedor"]
[Black "Savic, Mihailo S"]
[Result "0-1"]
[ECO "E12"]
[WhiteElo "1467"]
[BlackElo "2157"]
[Annotator "RC"]
[PlyCount "88"]
[EventDate "2023.10.23"]
[EventType "swiss"]
[EventCountry "SRB"]
[SourceTitle "playchess.com"]
[Source "ChessBase"]
[SourceQuality "1"]
[TimeControl "40/5400+30:900+30"]

1. d4 e6 2. Bf4 f5 3. Nf3 Nf6 4. h3 Be7 5. e3 b6 6. Bd3 Bb7 7. O-O O-O 8. c4 Ne4 9. Nbd2 d6 10. Qc2 Nxd2 11. Nxd2 Nd7 12. Bh2 g6 13. f4 Bf6 14. Nf3 c5 15. e4 cxd4 16. exf5 exf5 17. b4 a5 18. a3 Bxf3 19. gxf3 Re8 20. Kg2 Qe7 21. Bg1 Nf8 22. Qd2 Qg7 23. Rfe1 Rxe1 24. Qxe1 Qa7 25. Rd1 axb4 26. axb4 Qa2+ 27. Kh1 Qb3 28. Bf1 Ra2 29. Rd3 Qb2 30. Rd1 Kg7 31. Rb1 Qc2 32. Rc1 Qb3 33. Qd1 Qb2 34. c5 dxc5 35. bxc5 bxc5 36. Rxc5 Ra1 37. Qd3 Ne6 38. Rb5 Qc1 39. Rb7+ Kh6 40. Rf7 Nxf4 41. Qc4 Qxf1 42. Qxf1 Rxf1 43. Rxf6 d3 44. Rd6 Ne2 0-1

[Event "36th Belgrade Trophy 2023"]
[Site "Belgrade"]
[Date "2023.11.30"]
[Round "6.11"]
[White "Savic, Nemanja"]
[Black "Zmijanac, Dusko"]
[Result "1-0"]
[ECO "B22"]
[WhiteElo "2136"]
[BlackElo "1938"]
[Annotator "NA RC"]
[PlyCount "123"]
[EventDate "2023.10.23"]
[EventType "swiss"]
[EventCountry "SRB"]
[SourceTitle "playchess.com"]
[Source "ChessBase"]
[SourceQuality "1"]
[TimeControl "40/5400+30:900+30"]

1. e4 c5 2. Nf3 e6 3. c3 a6 4. d4 d5 5. exd5 exd5 6. Bd3 c4 7. Bc2 Bd6 8. O-O Ne7 9. Re1 Bg4 10. b3 cxb3 11. axb3 Qc7 12. h3 Bh5 13. Bb2 Nd7 14. Nbd2 Nf6 15. Qc1 O-O 16. c4 Bb4 17. Ba3 Nc6 18. Bxb4 Nxb4 19. Ne5 Rfd8 20. g4 Nxc2 21. Qxc2 Bg6 22. Qc3 Rac8 23. c5 Ne4 24. Nxe4 Bxe4 25. Nc4 Qf4 26. Nb6 Rc6 27. Qe3 Qb8 28. Qg3 Qxg3+ 29. fxg3 Re6 30. Re3 f6 31. Rae1 Kf7 32. Kf2 Rde8 33. R1e2 g6 34. b4 R6e7 35. Na4 Bd3 36. Rxe7+ Rxe7 37. Rxe7+ Kxe7 38. Nc3 Ke6 39. h4 h6 40. Ke3 Bc4 41. Kf4 g5+ 42. Kf3 Bb3 43. Ke3 Kd7 44. Kd2 Kc6 45. Kc1 Bc4 46. Kb2 Kd7 47. Nd1 Ke6 48. Ne3 Bd3 49. Ka3 Be2 50. Ka4 h5 51. hxg5 fxg5 52. gxh5 Bxh5 53. Ka5 Be8 54. Kb6 Bc6 55. Kc7 g4 56. Nxg4 Kf5 57. Nf2 Kg5 58. Nd3 Kf5 59. Ne5 Bb5 60. Kxb7 Ke4 61. c6 Kxd4 62. c7 1-0

[Event "36th Belgrade Trophy 2023"]
[Site "Belgrade"]
[Date "2023.11.30"]
[Round "6.12"]
[White "Antic, Dejan"]
[Black "Veleski, Robert"]
[Result "1-0"]
[ECO "E97"]
[WhiteElo "2362"]
[BlackElo "2064"]
[Annotator "RC"]
[PlyCount "129"]
[EventDate "2023.10.23"]
[EventType "swiss"]
[EventCountry "SRB"]
[SourceTitle "playchess.com"]
[Source "ChessBase"]
[SourceQuality "1"]
[TimeControl "40/5400+30:900+30"]

1. d4 Nf6 2. c4 g6 3. Nc3 Bg7 4. e4 d6 5. Nf3 O-O 6. Be2 e5 7. O-O Nc6 8. d5 Ne7 9. b4 Nh5 10. g3 f5 11. Ng5 Nf6 12. Bf3 fxe4 13. Ncxe4 Nf5 14. Bg2 Nd4 15. Be3 Nxe4 16. Nxe4 Bf5 17. h3 h6 18. c5 g5 19. Rc1 Qd7 20. g4 Bg6 21. a4 Rf7 22. c6 bxc6 23. dxc6 Qd8 24. Nc3 Kh7 25. Bd5 Rf8 26. f3 Qe7 27. b5 Ne6 28. Be4 Qf7 29. Bxg6+ Qxg6 30. Qc2 Nd4 31. Qxg6+ Kxg6 32. Kg2 Rf7 33. Nd5 Raf8 34. Bxd4 exd4 35. a5 Rb8 36. b6 axb6 37. axb6 cxb6 38. c7 Rc8 39. Rc6 Be5 40. Rfc1 b5 41. Nb6 Rff8 42. Nxc8 Rxc8 43. Rb1 d3 44. Kf1 d2 45. Ke2 Bf4 46. Kd1 Kf7 47. Kc2 Ke7 48. Rxb5 Kd7 49. Rb8 Rxc7 50. Rxc7+ Kxc7 51. Rh8 Kc6 52. Rxh6 Kd5 53. h4 gxh4 54. Rxh4 Ke5 55. Rh5+ Ke6 56. Rb5 d5 57. Kd1 Ke5 58. Ke2 Be3 59. Rb2 Kf4 60. Rxd2 d4 61. Rd3 Bg1 62. Rd1 Be3 63. Rh1 Kg3 64. Rh5 Bc1 65. Rf5 1-0

[Event "36th Belgrade Trophy 2023"]
[Site "Belgrade"]
[Date "2023.11.30"]
[Round "6.13"]
[White "Chubakov, Sultan"]
[Black "Besedes, Danilo"]
[Result "0-1"]
[ECO "D11"]
[WhiteElo "2079"]
[BlackElo "2277"]
[Annotator "RC"]
[PlyCount "88"]
[EventDate "2023.10.23"]
[EventType "swiss"]
[EventCountry "SRB"]
[SourceTitle "playchess.com"]
[Source "ChessBase"]
[SourceQuality "1"]
[TimeControl "40/5400+30:900+30"]

1. d4 d5 2. Nf3 c6 3. g3 Nf6 4. Bg2 Bg4 5. O-O e6 6. b3 Nbd7 7. Bb2 Bd6 8. c4 O-O 9. Nbd2 a5 10. a3 Qe7 11. Ne5 Bh5 12. h3 Bc7 13. Bf3 Bxf3 14. exf3 Nxe5 15. dxe5 Nd7 16. f4 a4 17. b4 Rfd8 18. Qc2 dxc4 19. Nxc4 b5 20. Ne3 c5 21. Rfd1 Rac8 22. Bc3 Bb6 23. Qe2 c4 24. Ng4 Nb8 25. Rd6 Bc7 26. Rdd1 Rxd1+ 27. Rxd1 Rd8 28. Ne3 Nc6 29. Rd2 Bb6 30. Nc2 h6 31. Qd1 Rxd2 32. Qxd2 Qc7 33. Kf1 Qb7 34. f5 exf5 35. Qd5 f4 36. gxf4 Qc8 37. Kg2 Ne7 38. Qxb5 Qb7+ 39. f3 Ng6 40. Nd4 Nxf4+ 41. Kg3 Ne2+ 42. Kh2 Nxc3 43. Qxc4 Bxd4 44. Qxd4 Qxf3 0-1

[Event "36th Belgrade Trophy 2023"]
[Site "Belgrade"]
[Date "2023.11.30"]
[Round "6.14"]
[White "Marjanovic, Ivan D"]
[Black "Djokic, Nenad"]
[Result "0-1"]
[ECO "C22"]
[WhiteElo "2057"]
[BlackElo "2223"]
[Annotator "RC"]
[PlyCount "101"]
[EventDate "2023.10.23"]
[EventType "swiss"]
[EventCountry "SRB"]
[SourceTitle "playchess.com"]
[Source "ChessBase"]
[SourceQuality "1"]
[TimeControl "40/5400+30:900+30"]

1. e4 e5 2. d4 exd4 3. Qxd4 Nc6 4. Qe3 d6 5. Nc3 Nf6 6. Bd2 g6 7. h4 Bg7 8. f3 h5 9. Bc4 Qe7 10. Nh3 Ne5 11. Bb3 Be6 12. Nf4 Bxb3 13. axb3 a6 14. O-O-O c6 15. Qe2 b5 16. Rdg1 Nfd7 17. g4 hxg4 18. fxg4 Rxh4 19. g5 Rxh1 20. Rxh1 Nf8 21. Qf2 Qc7 22. Rh3 a5 23. Kb1 a4 24. bxa4 bxa4 25. Ka2 Nc4 26. Bc1 Qb7 27. Qe2 Qb4 28. Nd3 Qa5 29. Nf4 Qc5 30. Qf1 Ne5 31. Qd1 Ne6 32. Rh7 Kf8 33. Nxe6+ fxe6 34. Be3 Qc4+ 35. Kb1 Nf7 36. e5 Kg8 37. Rxg7+ Kxg7 38. exd6 a3 39. b3 a2+ 40. Nxa2 Qa6 41. Bd4+ e5 42. Nb4 Qb5 43. Bc3 Rd8 44. d7 c5 45. Qd5 Qf1+ 46. Kb2 cxb4 47. Bxe5+ Nxe5 48. Qxe5+ Kf7 49. Qd5+ Ke7 50. Qc5+ Kxd7 51. Qb5+ 0-1